 Dungeon Crawl Stone Soup version 0.32-a0-870-g877066f4b4 (webtiles) character file.

Game seed: 5169036514085083103

169091 GeoRichter the Metamorph (level 17, -15/160 HPs)
             Began as an Octopode Shapeshifter on Mar 28, 2024.
             Was the Champion of Wu Jian.
             Hit by a silver javelin thrown by a merfolk javelineer (20 damage)
             ... led by Ilsuiw
             ... on level 4 of the Shoals on Mar 29, 2024.
             The game lasted 01:04:06 (29354 turns).

GeoRichter the Metamorph (Octopode Shapeshifter)   Turns: 29354, Time: 01:04:06

Health: -15/160    AC: 18    Str: 20    XL:     17   Next: 96%
Magic:  17/17      EV: 15    Int: 15    God:    Wu Jian [******]
Gold:   1489       SH:  0    Dex: 18    Spells: 16/16 levels left

rFire   + .          .
                       - Unarmed
rCold   + + .        z - melded +0 buckler
rNeg    + . .        Q - melded +0 hat of the Zealous Slorg {rElec rC+ Slay+6}
rPois   +            h - amulet of regeneration
rElec   +            s - +4 ring of protection
rCorr   .            I - ring "Tuyps" {Fly rElec rC+ Int+3 SInv}
SInv    +            B - ring of willpower
Will    ++...        N - ring of poison resistance
Stlth   +++          O - ring of protection from fire
HPRegen 1.26/turn    P - ring of positive energy
MPRegen 0.15/turn    S - ring of protection from cold
                     (no ring)

%: no passive effects
@: about to teleport, snake-form, flying, mesmerised, studying Fighting,
invisible
A: constrict, boosted hp, almost no armour, amphibious, 8 rings, large,
(camouflage 1), (gelatinous body 1), (nimble swimmer 1), (tentacles)
a: Begin Untransformation, Renounce Religion, Wall Jump, Serpent's Lash,
Heavenly Storm


You were on level 4 of the Shoals.
You worshipped Wu Jian.
Wu Jian was exalted by your worship.
You were an enormous serpent.
You visited 6 branches of the dungeon, and saw 29 of its levels.
You also visited: Sewer, Ice Cave and Volcano.

You collected 5466 gold pieces.
You spent 3977 gold pieces at shops.

Inventory:

Hand Weapons
 K - the +10 hand cannon "Hiunkaer" {elec, rC+ rN+ Will+}
   (You found it on level 5 of the Lair of Beasts)

   rC+:       It protects you from cold.
   rN+:       It protects you from negative energy.
   Will+:     It increases your willpower.
Missiles
 b - a throwing net {!f}
 r - 4 curare-tipped darts (quivered) {!f}
Armour
 z - a +0 buckler (melded)
   (You took it off a gnoll sergeant on level 6 of the Dungeon)
 Q - the +0 hat of the Zealous Slorg (melded) {rElec rC+ Slay+6}
   (You acquired it on level 2 of the Orcish Mines)

   Slay+6:    It affects your accuracy & damage with ranged weapons and melee
   (+6).
   rC+:       It protects you from cold.
   rElec:     It insulates you from electricity.
 X - a +1 buckler of cold resistance
   (You found it in an ice cave)
Jewellery
 h - an amulet of regeneration (around neck)
   (You found it on level 1 of the Dungeon)
 s - a +4 ring of protection (left tentacle)
   (You found it on level 4 of the Dungeon)
 B - a ring of willpower (on tentacle)
   (You found it on level 5 of the Lair of Beasts)
 I - the ring "Tuyps" (right tentacle) {Fly rElec rC+ Int+3 SInv}
   (You found it on level 2 of the Lair of Beasts)

   [ring of flight]

   Int+3:     It affects your intelligence (+3).
   rC+:       It protects you from cold.
   rElec:     It insulates you from electricity.
   SInv:      It lets you see invisible.
   Fly:       It grants you flight.
 N - a ring of poison resistance (on tentacle)
   (You bought it in a shop on level 2 of the Orcish Mines)
 O - a ring of protection from fire (on tentacle)
   (You bought it in a shop on level 2 of the Orcish Mines)
 P - a ring of positive energy (on tentacle)
   (You bought it in a shop on level 2 of the Orcish Mines)
 S - a ring of protection from cold (on tentacle)
   (You found it on level 13 of the Dungeon)
Talismans
 c - a flux talisman
 G - a blade talisman
   (You found it on level 1 of the Lair of Beasts)
 H - a storm talisman
   (You acquired it on level 10 of the Dungeon)
 W - a serpent talisman (active)
   (You bought it in a shop on level 2 of the Orcish Mines)
Wands
 l - a wand of paralysis (5)
   (You took it off Ijyb on level 3 of the Dungeon)
 D - a wand of roots (13)
   (You found it on level 7 of the Dungeon)
 F - a wand of flame (54)
   (You found it on level 8 of the Dungeon)
 L - a wand of light (9)
   (You found it on level 4 of the Lair of Beasts)
 V - a wand of digging (4)
   (You found it on level 1 of the Snake Pit)
Scrolls
 d - 6 scrolls of noise {!r}
 e - 11 scrolls of teleportation {@r4}
 g - 4 scrolls of amnesia
 j - 5 scrolls of vulnerability {!r}
 k - 8 scrolls of revelation
 p - 3 scrolls of fear
 q - 5 scrolls of enchant armour
 u - 3 scrolls of summoning
 x - 6 scrolls of fog
 y - 7 scrolls of poison {!r}
 A - a scroll of immolation {!r}
 R - 2 scrolls of identify {@r1}
 U - 2 scrolls of enchant weapon
Potions
 a - 5 potions of lignification {!q}
 f - 4 potions of haste {@q3}
 i - 3 potions of brilliance
 m - 3 potions of invisibility
 n - 3 potions of curing {@q1}
 o - 5 potions of attraction {!q}
 t - 2 potions of resistance
 v - 3 potions of magic
 w - 3 potions of mutation {!q}
 C - 4 potions of might
 E - a potion of berserk rage {unknown}
 M - a potion of degeneration {!q}
 T - a potion of enlightenment {unknown}
 Y - 4 potions of ambrosia {unknown}


   Skills:
 + Level 17.7 Fighting
 - Level 11.0 Dodging
 - Level 6.0 Stealth
 - Level 18.0 Unarmed Combat
 * Level 18.9 Shapeshifting


You had 16 spell levels left.
You didn't know any spells.
Your spell library contained the following spells:

 Spells                   Type           Power      Damage    Failure   Level
 Foxfire                  Conj/Fire      0%         2x1d4     26%         1
 Magic Dart               Conj           0%         1d3       26%         1
 Necrotise                Necr           0%         1d4       26%         1
 Sandblast                Erth           0%         2d4       26%         1
 Blink                    Tloc           0%         N/A       38%         2
 Cigotuvi's Dreadful Rot  Necr/Alch/Air  0%         N/A       38%         2
 Ensorcelled Hibernation  Hex/Ice        0%         N/A       38%         2
 Lesser Beckoning         Tloc           0%         N/A       38%         2
 Mercury Vapours          Alch/Air       0%         N/A       38%         2
 Momentum Strike          Conj/Tloc      0%         3d8       38%         2
 Searing Ray              Conj           0%         2d4       38%         2
 Static Discharge         Conj/Air       0%         3-3/arc   38%         2
 Dazzling Flash           Conj/Hex       0%         N/A       63%         3
 Frozen Ramparts          Ice            0%         1d1       63%         3
 Mephitic Cloud           Conj/Alch/Air  0%         N/A       63%         3
 Ozocubu's Armour         Ice            0%         N/A       63%         3
 Sigil of Binding         Hex            0%         N/A       63%         3
 Stone Arrow              Conj/Erth      0%         3d7       63%         3
 Teleport Other           Tloc           0%         N/A       63%         3
 Vampiric Draining        Necr           0%         2d6       63%         3
 Volatile Blastmotes      Fire/Tloc      0%         2d10      63%         3
 Brom's Barrelling Bould  Conj/Erth      0%         2d3       95%         4
 Fulminant Prism          Conj/Alch      0%         3d5       95%         4
 Ignite Poison            Fire/Alch      0%         N/A       95%         4
 Iskenderun's Mystic Bla Conj/Tloc 0%             2d3        (+2d1     95%         4
 Martyr's Knell           Necr/Summ      0%         N/A       95%         4
 Summon Blazeheart Golem  Fire/Summ      0%         N/A       95%         4
 Curse of Agony           Necr           0%         N/A       100%        5
 Fireball                 Conj/Fire      0%         3d3       100%        5
 Freezing Cloud           Conj/Ice/Air   0%         6-21      100%        5
 Iskenderun's Battlesphe  Conj           0%         2d6       100%        5
 Metabolic Englaciation   Hex/Ice        0%         N/A       100%        5
 Silence                  Hex/Air        0%         N/A       100%        5
 Death Channel            Necr           0%         N/A       100%        6
 Dispersal                Tloc           0%         N/A       100%        6
 Gell's Gavotte           Tloc           0%         2d(11-16) 100%        6
 Permafrost Eruption      Ice/Erth       0%         2x4d2     100%        6
 Plasma Beam              Fire/Air       0%         2x1d10    100%        6
 Sculpt Simulacrum        Ice/Alch       0%         N/A       100%        6
 Starburst                Conj/Fire      0%         6d3       100%        6
 Orb of Destruction       Conj           0%         9d5       100%        7
 Spellforged Servitor     Conj/Summ      0%         N/A       100%        7
 Polar Vortex             Ice            0%         N/A       100%        9


Dungeon Overview and Level Annotations

Branches:
Dungeon (15/15) Zot: 25778  Temple (1/1) D:4 Zot: 5891    Lair (5/5) D:10 Zot: 23301
 Shoals (4/4) Lair:2 Zot: 20609   Snake (2/4) Lair:3 Zot: 9923   Slime (0/5) Lair:4
    Orc (2/2) D:11 Zot: 10024     Elf (0/3) Orc:2        Vaults (0/5) D:13
 Depths (0/4) D:15          Sewer (visited)           IceCv (visited)
Volcano (visited)

Altars:
Ashenzari
Cheibriados
Dithmenos
Elyvilon
Fedhas
Gozag
Hepliaklqana
Kikubaaqudgha
Makhleb
Nemelex Xobeh
Okawaru
Qazlal
Ru
Sif Muna
Trog
Uskayaw
Vehumet
Wu Jian
Xom
Yredelemnul
Zin
The Shining One
Beogh

Shops:
D:4 *:   D:7 *   D:8 [   D:9 (   Orc:1 [   Orc:2 *::=?   Snake:1 [

Annotations:
D:4 Dowan, Duvessa
D:7 3 runed translucent doors
Shoals:1 1 runed translucent door
Shoals:3 exclusion: door
Snake:2 Aizul, Frances, Vashnia


Innate Abilities, Weirdness & Mutations

You are an enormous serpent.
You have a powerful constriction melee attack.
Your maximum health is increased.
Your armour is entirely melded.
You are incapable of wielding weapons or throwing items.
You cannot wear most types of armour.
You are amphibious.
You can wear up to eight rings at the same time.
((Your skin changes colour to match your surroundings (Stealth+).))
((Your rubbery body absorbs attacks. (AC +1, EV +1)))
((You are camouflaged when in or above water. (Stealth+)))
((You have tentacles for arms and can constrict up to eight enemies at once.))


Message History

The snapping turtle hisses angrily.
The merfolk siren chants a haunting song.
You are mesmerised by the merfolk siren!
The wind drake flaps its wings at you. The air twists around and strikes you!
The snapping turtle barely misses you.
You lunge at the snapping turtle.
You barely miss the snapping turtle. You grab the snapping turtle.
You constrict the snapping turtle!
The merfolk siren chants its luring song.
You hear a shout!
You hit the snapping turtle but do no damage.
The snapping turtle is lightly wounded.
You constrict the snapping turtle.
The merfolk javelineer shouts!
You hear an angry hiss.
You hear a shout! x2
The snapping turtle bites you!!
The merfolk siren chants its luring song.
The wind drake flaps its wings at you. The air twists around and strikes you!!
You are too injured to fight recklessly!
You are too injured to fight recklessly!
You hit the snapping turtle but do no damage.
The snapping turtle is moderately wounded.
You constrict the snapping turtle, but do no damage.
A merfolk comes into view. It is wielding a +0 trident.
The merfolk javelineer throws a silver javelin.
The silver javelin pierces through you! The silver sears you!
As you read the scroll of teleportation {@r4}, it crumbles to dust.
You feel strangely unstable.
You constrict the snapping turtle! The wind drake flaps its wings at you.
The air twists around and strikes you!
* * * LOW HITPOINT WARNING * * *
A merfolk javelineer comes into view.
It is wielding a +1 spear of venom and wearing a +0 leather armour of willpower.
The snapping turtle bites you!
* * * LOW HITPOINT WARNING * * *
The merfolk siren chants its luring song.
The wind drake flaps its wings at you. The air twists around and strikes you!!
* * * LOW HITPOINT WARNING * * *
The merfolk javelineer throws a silver javelin.
The silver javelin pierces through you!!
* * * LOW HITPOINT WARNING * * *
The silver sears you!
* * * LOW HITPOINT WARNING * * *
You fade into invisibility!
You constrict the snapping turtle. The snapping turtle barely misses you.
The merfolk siren chants its luring song.
The merfolk throws a boomerang.
The boomerang hits the snapping turtle but does no damage.
The merfolk javelineer throws a silver javelin.
The silver javelin pierces through you!!
You die...

....~~~ .~~..~~
.........# .#
~~~~~~~
$##..m.....#..m
~~~~~≈~
~......$...#m..
~≈≈≈≈≈
~.m~~~~~.....#.
≈≈≈≈≈
~~~~~~~~../.#.#
≈≈≈≈
~≈~~~~~~~....#~
≈≈
≈≈≈≈≈≈~kt~~.?..~
≈≈
≈≈≈≈≈≈≈≈S~~~~~~~
≈≈
≈≈≈≈≈≈≈≈≈≈~~~~~~
≈≈
≈≈≈≈≈≈≈≈≈≈≈≈≈≈≈≈
≈≈
≈≈≈≈≈≈≈≈≈≈≈≈≈≈≈≈
≈≈
≈≈≈≈≈≈≈≈≈≈≈≈≈≈≈≈
≈≈
≈≈≈≈≈≈≈≈≈≈≈≈≈≈≈≈
≈~
~≈≈≈≈≈≈≈≈≈≈≈≈≈≈≈
~~
~≈≈≈≈≈≈≈≈≈≈≈≈≈≈≈
~~
~~≈≈≈≈≈≈≈≈≈≈≈≈≈≈


You could see 2 merfolk javelineers, a snapping turtle (unable to see you), a
wind drake (repels missiles, unable to see you), a merfolk (unable to see you)
and a merfolk siren (mesmerising, unable to see you).

Vanquished Creatures
  A golden dragon (IceCv)
  Jorgrun (D:15)
  Rupert (D:13)
  A kraken (Shoals:2)
  Kirke (Shoals:1)
  A formless jellyfish (Shoals:4)
  2 stone giants
  Azrael (D:14)
  5 merfolk impalers
  3 fire dragons
  3 hydras
  A salamander tyrant (Snake:1)
  5 ice dragons (IceCv)
  Erolcha (D:13)
  An ogre mage (D:15)
  5 centaur warriors
  3 boulder beetles
  A merfolk avatar (Shoals:4)
  5 anacondas
  A catoblepas (D:11)
  4 merfolk aquamancers
  11 two-headed ogres
  4 death yaks
  An orc high priest (Orc:2)
  2 naga warriors
  2 naga sharpshooters
  5 tengu warriors
  6 skysharks
  2 skeletal warriors (Volcano)
  Lodul (D:14)
  2 spriggan simulacra (Shoals:3)
  2 salamander mystics (Snake:1)
  An orange crystal statue (IceCv)
  11 sea snakes
  3 mana vipers
  2 arcanists (D:13)
  2 lindwurms (Lair:5)
  Pikel (D:7)
  A swamp dragon (Lair:5)
  5 ugly things (D:14)
  10 orc knights
  2 anaconda skeletons (Volcano)
  6 harpies (Shoals:4)
  2 naga ritualists
  3 orc sorcerers
  A deep elf pyromancer (D:14)
  5 fauns
  12 cyclopes
  4 salamanders
  3 water nymphs (Shoals:1)
  16 manticores
  An alligator skeleton (Volcano)
  A guardian serpent (Snake:1)
  20 black mambas
  17 elephants
  A merfolk siren (Shoals:2)
  5 naga magi
  6 torpor snails (Lair:5)
  8 gargoyles
  7 storm dragon simulacra (IceCv)
  14 cane toads
  5 rime drakes
  An unseen horror (D:10)
  2 unseen horrors (shapeshifter)
  Maggie (D:7)
  15 komodo dragons
  An efreet (D:14)
  2 golden dragon simulacra (IceCv)
  5 tengu conjurers
  An anaconda simulacrum (Shoals:3)
  6 hornets (Lair:5)
  5 wind drakes
  14 merfolk
  13 snapping turtles
  7 trolls
  Grinder (D:6)
  3 polar bears
  5 saltlings (Orc:2)
  2 harpy skeletons (Volcano)
  5 dream sheep
  3 tyrant leeches (Lair:5)
  12 blink frogs
  2 centaur simulacra (D:14)
  52 yaks
  7 slime creatures
  2 shadows (D:11)
  3 dire elephant simulacra (Shoals:3)
  11 water elementals
  4 wyverns
  2 vampires (D:12)
  2 wraiths
  8 basilisks
  13 vampire mosquitoes
  3 fire elementals (D:14)
  Grum (D:8)
  4 hogs (Shoals:1)
  A minotaur simulacrum (Shoals:3)
  3 wargs
  5 steam dragons
  10 nagas
  7 acid dragons
  13 water moccasins
  3 hell hounds (D:14)
  12 orc warriors
  Pargi (D:3)
  An ice beast (D:7)
  A swamp drake (Lair:5)
  2 sky beasts (D:7)
  8 ice dragon simulacra (IceCv)
  A laughing skull (Volcano)
  3 black bears
  11 wolves
  16 ogres
  13 centaurs
  A crocodile (Sewer)
  4 lemures (D:7)
  A weeping skull (Volcano)
  2 phantoms (D:5)
  6 kobold brigands
  10 bullfrogs
  2 gnoll sergeants
  2 scorpions (D:5)
  A deep troll simulacrum (Shoals:3)
  12 killer bees
  4 lindwurm simulacra (IceCv)
  4 spriggan skeletons (Volcano)
  An electric eel (D:15)
  A bombardier beetle (D:5)
  2 hounds
  9 orc priests
  2 jellies
  3 gnoll boudas
  A sleepcap (D:4)
  Ijyb (D:3)
  Natasha (thrice) (D:2)
  An iguana (Lair:5)
  14 orc wizards
  2 naga skeletons (Volcano)
  A hound zombie (D:4)
  Robin (D:1)
  22 gnolls
  10 adders
  A river rat (Sewer)
  2 white imps
  2 ufetubi (D:7)
  An adder zombie (D:4)
  2 dart slugs (D:2)
  2 ribbon worms
  45 orcs
  13 ball pythons
  7 bats
  7 endoplasms
  6 giant cockroaches
  15 goblins
  12 hobgoblins
  4 jackals (D:1)
  26 kobolds
  5 quokkas
  4 frilled lizards
  7 rats
  A butterfly (Lair:4)
  2 tentacles (Shoals:2)
876 creatures vanquished.

Vanquished Creatures (others)
  An iguana (Lair:5)
  2 tentacles (Shoals:2)
3 creatures vanquished.

Grand Total: 879 creatures vanquished

Notes
Turn   | Place    | Note
-------+----------+-------------------------------------------
     0 | D:1      | GeoRichter the Octopode Shapeshifter began the quest for
                  | the Orb.
     0 | D:1      | Reached XP level 1. HP: 13/13 MP: 1/1
    99 | D:1      | Found a faded altar of an unknown god.
   119 | D:1      | Reached XP level 2. HP: 18/18 MP: 2/2
   197 | D:1      | Reached skill level 1 in Stealth
   307 | D:1      | Reached XP level 3. HP: 14/23 MP: 3/3
   842 | D:2      | Noticed Natasha
   850 | D:2      | Killed Natasha
   851 | D:2      | Reached XP level 4. HP: 24/28 MP: 4/4
   870 | D:2      | Noticed Natasha
   871 | D:2      | Noticed Robin
   884 | D:1      | Killed Robin
  1081 | D:2      | Reached XP level 5. HP: 33/33 MP: 5/5
  1086 | D:2      | Killed Natasha
  1087 | D:2      | Reached skill level 5 in Unarmed Combat
  1174 | D:2      | Noticed Natasha
  1181 | D:2      | Killed Natasha
  1596 | D:3      | Noticed Ijyb
  1695 | D:3      | Noticed Pargi
  1706 | D:3      | Killed Pargi
  1707 | D:3      | Reached XP level 6. HP: 24/38 MP: 6/6
  1779 | D:3      | Identified the +1 scale mail of Proximity {rC+ rN+ Int+4}
  1885 | D:3      | Paralysed by Ijyb for 2 turns
  1886 | D:3      | Killed Ijyb
  1907 | D:3      | Reached skill level 5 in Stealth
  2321 | D:4      | Noticed Duvessa
  2321 | D:4      | Noticed Dowan
  2477 | D:4      | Got Bivve's Thoughts on Electrocution and Conflict
  2526 | D:4      | Found a staircase to the Ecumenical Temple.
  2533 | D:4      | Reached XP level 7. HP: 43/43 MP: 7/7
  2536 | Temple   | Entered the Ecumenical Temple
  2590 | Temple   | Became a worshipper of the Wu Jian Council
  2785 | D:4      | Found Eraygege's Self-Published Books.
  2917 | D:4      | Found Ynlyen's Serpentskin Sales.
  2938 | D:4      | Bought 2 curare-tipped darts for 31 gold pieces
  3028 | D:4      | Found a basalt altar of Yredelemnul.
  3126 | D:5      | Entered Level 5 of the Dungeon
  3228 | D:5      | Found a glowing drain.
  3245 | Sewer    | Entered a sewer
  3264 | Sewer    | Reached * piety under Wu Jian
  3410 | Sewer    | Reached XP level 8. HP: 41/50 MP: 8/8
  3597 | D:5      | Found a white marble altar of Elyvilon.
  3734 | D:5      | Found a stormy altar of Qazlal.
  4048 | D:6      | Reached ** piety under Wu Jian
  4092 | D:6      | Reached XP level 9. HP: 58/58 MP: 9/9
  4110 | D:6      | Noticed Grinder
  4119 | D:6      | Killed Grinder
  4120 | D:6      | Reached skill level 5 in Shapeshifting
  4648 | D:7      | Reached skill level 5 in Fighting
  4670 | D:7      | Noticed a komodo dragon
  4707 | D:7      | Noticed Pikel
  4835 | D:7      | Killed a komodo dragon
  4908 | D:7      | Found a runed translucent gate.
  4908 | D:7      | Found a runed translucent gate.
  4908 | D:7      | Found a runed translucent gate.
  5017 | D:7      | Killed Pikel
  5018 | D:7      | Reached XP level 10. HP: 68/68 MP: 10/10
  5105 | D:7      | Noticed Maggie
  5122 | D:7      | Killed Maggie
  5159 | D:7      | Found Ujaum's General Store.
  5167 | D:7      | Bought a potion of might for 64 gold pieces
  5753 | D:8      | Found Iniob's Antique Armour Shoppe.
  5919 | D:8      | Reached skill level 10 in Unarmed Combat
  6063 | D:8      | Reached *** piety under Wu Jian
  6173 | D:8      | Noticed Grum
  6211 | D:8      | Killed Grum
  7107 | D:9      | Found Duist's Antique Weapon Shop.
  7471 | D:10     | Entered Level 10 of the Dungeon
  7500 | D:10     | Noticed a two-headed ogre
  7509 | D:10     | Killed a two-headed ogre
  7579 | D:10     | Reached XP level 11. HP: 63/75 MP: 11/11
  7620 | D:10     | Reached skill level 5 in Dodging
  7689 | D:10     | Reached **** piety under Wu Jian
  7709 | D:10     | Found a shimmering blue altar of Sif Muna.
  8066 | D:10     | Found a staircase to the Lair.
  8487 | D:10     | Found a broken altar of Ashenzari.
  8662 | D:10     | Identified the +1 robe "Omyl" {rN++}
  8727 | Lair:1   | Entered Level 1 of the Lair of Beasts
  9525 | Lair:2   | Noticed an eight-headed hydra
  9531 | Lair:2   | Killed an eight-headed hydra
  9616 | Lair:2   | Reached XP level 12. HP: 38/84 MP: 12/12
  9754 | Lair:2   | Noticed a death yak
  9756 | Lair:2   | Noticed a death yak
  9756 | Lair:2   | Noticed a death yak
  9757 | Lair:2   | Noticed a death yak
  9776 | Lair:2   | Killed a death yak
  9786 | Lair:2   | Killed a death yak
  9846 | Lair:2   | Killed a death yak
  9952 | Lair:2   | Found a staircase to the Shoals.
  9999 | Lair:1   | Killed a death yak
 10321 | Lair:2   | Identified the ring "Tuyps" {Fly rElec rC+ Int+3 SInv}
 10600 | Lair:2   | Noticed a skyshark
 10607 | Lair:2   | Killed a skyshark
 11048 | Lair:3   | Noticed a boulder beetle
 11064 | Lair:3   | Killed a boulder beetle
 11161 | Lair:3   | Found a staircase to the Snake Pit.
 11374 | Lair:3   | Reached skill level 10 in Shapeshifting
 11402 | Lair:3   | Reached XP level 13. HP: 55/92 MP: 13/13
 11472 | Lair:3   | Reached skill level 10 in Fighting
 12176 | Lair:4   | Found a staircase to the Slime Pits.
 12341 | Lair:4   | Reached ***** piety under Wu Jian
 13231 | Lair:5   | Entered Level 5 of the Lair of Beasts
 13286 | Lair:4   | Reached skill level 15 in Unarmed Combat
 13519 | Lair:5   | Reached XP level 14. HP: 81/101 MP: 14/14
 14331 | Lair:5   | Paralysed by a hornet for 3 turns
 14385 | Lair:5   | Paralysed by a hornet for 1 turns
 14388 | Lair:5   | Paralysed by a hornet for 2 turns
 14390 | Lair:5   | HP: 4/101 [poisoned by a hornet]
 14684 | Lair:5   | Identified a scroll of acquirement
 14687 | Lair:5   | Acquired a manual of Shapeshifting
 15124 | D:10     | Acquired a storm talisman
 15320 | D:11     | Reached ****** piety under Wu Jian
 15382 | D:11     | Found a staircase to the Orcish Mines.
 15710 | Orc:1    | Entered Level 1 of the Orcish Mines
 15710 | Orc:1    | Found Geyneotz's Armour Boutique.
 16212 | Orc:2    | Entered Level 2 of the Orcish Mines
 16265 | Orc:2    | Found Moinun's Jewellery Emporium.
 16275 | Orc:2    | Found a staircase to the Elven Halls.
 16313 | Orc:2    | Found a dark tunnel.
 16321 | Volcano  | Entered a volcano
 16884 | Orc:2    | Bought a ring of poison resistance for 280 gold pieces
 16884 | Orc:2    | Bought a ring of protection from fire for 350 gold pieces
 16886 | Orc:2    | Bought a ring of positive energy for 280 gold pieces
 16936 | Orc:2    | Reached XP level 15. HP: 94/108 MP: 15/15
 16987 | Orc:2    | Reached skill level 10 in Dodging
 17013 | Orc:2    | Found Cieb's Book Shoppe.
 17035 | Orc:2    | Found a roughly hewn altar of Beogh.
 17064 | Orc:2    | Found Xaasius's Book Boutique.
 17130 | Orc:2    | Found Hehiotih's General Store.
 17181 | Orc:2    | Found Soschargho's General Store.
 17186 | Orc:2    | Bought a scroll of acquirement for 780 gold pieces
 17271 | Orc:2    | Found a roughly hewn altar of Beogh.
 17430 | Orc:2    | Found Loraxkafod's Magic Scroll Shoppe.
 17438 | Orc:2    | Acquired the +0 hat of the Zealous Slorg {rElec rC+ Slay+6}
 18569 | D:13     | Noticed Rupert
 18575 | D:13     | Killed Rupert
 19164 | D:13     | Noticed Erolcha
 19173 | D:13     | Killed Erolcha
 19491 | D:13     | Reached skill level 15 in Shapeshifting
 19554 | D:13     | Found a gate to the Vaults.
 19725 | D:14     | Noticed Azrael
 19745 | D:14     | HP: 3/110 [Azrael/+4 scimitar of flaming (15)]
 19745 | D:14     | HP: 1/110 [Azrael/+4 scimitar of flaming (2)]
 19752 | D:14     | HP: 2/110 [Azrael/bolt of fire (10)]
 19755 | D:14     | Killed Azrael
 19951 | D:14     | Noticed Lodul
 19972 | D:14     | Killed Lodul
 20561 | D:14     | Reached XP level 16. HP: 100/117 MP: 16/16
 20733 | D:15     | Entered Level 15 of the Dungeon
 21090 | D:15     | Found a staircase to the Depths.
 21288 | D:15     | Noticed Jorgrun
 21296 | D:15     | Killed Jorgrun
 21870 | Orc:2    | Bought a scroll of acquirement for 572 gold pieces
 21870 | Orc:2    | Acquired 1144 gold pieces
 21931 | Orc:2    | Bought a manual of Fighting for 1200 gold pieces
 22309 | Lair:5   | Identified the +10 hand cannon "Hiunkaer" {elec, rC+ rN+
                  | Will+}
 22574 | Snake:1  | Entered Level 1 of the Snake Pit
 23245 | Snake:1  | Found Memanorgh's Antique Armour Shoppe.
 23708 | Orc:2    | Bought a serpent talisman for 420 gold pieces
 24603 | Snake:1  | Upgraded the game from 0.32-a0-861-g165e151e72 to
                  | 0.32-a0-870-g877066f4b4
 24932 | Snake:2  | Noticed Frances
 24933 | Snake:2  | Identified the serpent talisman "Cuanekk" {rElec rC+ Will+
                  | Int+3}
 24933 | Snake:2  | Noticed Aizul
 25022 | Snake:2  | Noticed Vashnia
 25127 | Shoals:1 | Entered Level 1 of the Shoals
 25254 | Shoals:1 | Reached skill level 15 in Fighting
 25528 | Shoals:1 | Found a runed translucent door.
 25805 | Shoals:1 | Noticed Kirke
 25824 | Shoals:1 | Killed Kirke
 26001 | Shoals:2 | Reached XP level 17. HP: 123/127 MP: 17/17
 26285 | Shoals:2 | Noticed a kraken
 26301 | Shoals:2 | Killed a kraken
 27384 | Shoals:3 | Found a glacial archway.
 27496 | IceCv    | Entered an ice cave
 27846 | IceCv    | Noticed a golden dragon
 27877 | IceCv    | Killed a golden dragon
 28095 | IceCv    | Identified the amulet "Adeobeqo" {Faith Str+3}
 28138 | IceCv    | Got the Commentary on Hypothermia
 28388 | Shoals:3 | Noticed a titan
 28657 | Shoals:4 | Entered Level 4 of the Shoals
 28764 | Shoals:4 | Got the Encyclopedia of Profulgent Algor
 29230 | Shoals:4 | Paralysed by a formless jellyfish for 1 turns
 29353 | Shoals:4 | HP: 4/160 [merfolk javelineer/silver javelin[Ilsuiw] (13)]
 29354 | Shoals:4 | Hit by a silver javelin thrown by a merfolk javelineer

Illustrated notes

Levels and vault maps discovered:
D:1:      lemuel_arrival_lava_pool, layout_loops_ring,
          shapermc_ecumenical_altar_mp_highgroup
D:2:      minmay_inner_zag, layout_rooms, uniq_robin, uniq_natasha
D:3:      layout_loops_cross, nicolae_the_louvre, uniq_ijyb, uniq_pargi
D:4:      layout_basic, lemuel_zombie_altar_yredelemnul,
          minmay_temple_entry_crystal_x, abandoned_shop,
          hangedman_decor_slide_cut, serial_library_regret_index_double_sided,
          minmay_misc_feat_encased, nicolae_concentric_dashed_squares_mild,
          hangedman_decor_points, nicolae_custom_books, guppyfry_shop_venom,
          uniq_duvessa
D:5:      layout_gridville, old_standard_altar,
          nicolae_qazlal_scattered_showers, portal_sewer_entry_f
D:6:      layout_loops_ring, uniq_grinder
D:7:      lemuel_bear_cage, layout_basic, serial_shops, shop, uniq_pikel,
          uniq_maggie
D:8:      layout_basic, serial_shops, shop, uniq_grum
D:9:      layout_loops_corners, kennysheep_windowed_goal
D:10:     layout_grid_maze, kennysheep_little_box, kennysheep_mini,
          david_lair_generic
D:11:     layout_cave_pools, orc_0_dummy
D:12:     layout_loops_cross
D:13:     layout_grid_maze, david_vaults_4, uniq_erolcha, uniq_rupert
D:14:     layout_grid_maze, grunt_decor_mini_mirrors, minmay_misc_feat_alley,
          uniq_azrael, uniq_lodul
D:15:     grunt_enter_depths_giant_problem, layout_grid_maze,
          chequers_big_river, drop_trap, uniq_jorgrun
Temple:   minmay_crystal_spiral_temple
Lair:1:   layout_concentric_octagons
Lair:2:   layout_small_grid, elwin_shoals_entry_rocks
Lair:3:   layout_cave_pods, guppyfry_snake_entry_island, beast_lair_carwin_4
Lair:4:   layout_loops_ring, slime_entry_1, lemuel_fruit_fields
Lair:5:   guppyfry_lair_end_dragon, layout_cave_shapes, wormcave,
          grunt_megastairs_1
Shoals:1: nicolae_shoals_offshore_bank_account, layout_shoals, uniq_kirke
Shoals:2: nicolae_shoals_island_circles, layout_shoals
Shoals:3: cheibrodos_shoals_gigantism, layout_shoals,
          portal_ice_cave_entry_ice_simulacra
Shoals:4: shoals_end_simple, layout_shoals, shoals_ilsuiw_alternative
Snake:1:  layout_basic, serial_shops, nicolae_shop_rolling_square,
          nicolae_integral_box
Snake:2:  layout_rooms, basic_altar, nicolae_snake_mages_go_home,
          minmay_shop_star, uniq_vashnia, uniq_frances, uniq_aizul
Orc:1:    layout_diamond_mine, serial_shops, shop
Orc:2:    hellmonk_orc_salted, layout_diamond_mine,
          lightli_volcano_entry_magma_tube, serial_shops,
          nicolae_shop_gaudy_bauble, nicolae_shop_statue_plus, mines1_david

Skill      XL: |  1  2  3  4  5  6  7  8  9 10 11 12 13 14 15 16 17 |
---------------+----------------------------------------------------+-----
Stealth        | 1 2 3 4 5 6 |  6.0
Unarmed Combat | 4 6 7 9 10 12 13 15 16 17 18 | 18.0
Fighting       | 2 4 6 7 8 9 11 12 13 15 17 | 17.7
Shapeshifting  | 4 7 8 9 10 11 13 15 17 18 | 18.9
Dodging        | 4 6 8 9 10 11 | 11.0

Action                     |  1- 3 |  4- 6 |  7- 9 | 10-12 | 13-15 | 16-18 || total
---------------------------+-------+-------+-------+-------+-------+-------++-------
  Melee: Unarmed           |    12 |    18 |   180 |   568 |  1236 |   823 ||  2837
         Constrict         |    12 |    30 |    35 |    98 |   167 |   153 ||   495
         Dagger            |    30 |    97 |       |       |       |       ||   127
         Tentacles         |     4 |    18 |    45 |   156 |   411 |    73 ||   707
         Punch             |       |       |    10 |       |       |       ||    10
  Throw: Dart              |       |       |     2 |       |       |       ||     2
 Invoke: Serpent's Lash    |       |       |       |     7 |     3 |     2 ||    12
         Heavenly Storm    |       |       |       |       |     1 |       ||     1
Ability: Lunge             |       |       |    17 |    32 |    92 |    66 ||   207
         Whirlwind         |       |       |     2 |    84 |   247 |   101 ||   434
         Wall Jump         |       |       |       |     2 |     5 |       ||     7
  Evoke: Wand              |       |     1 |     1 |     4 |     4 |     1 ||    11
    Use: Scroll            |       |     3 |    11 |     5 |    10 |     7 ||    36
         Potion            |       |       |       |     1 |     8 |     1 ||    10
   Stab: Sleeping          |     5 |    14 |    20 |     2 |    10 |    11 ||    62
         Distracted        |       |     1 |       |     1 |     5 |     5 ||    12
         Paralysed         |       |     1 |       |       |       |       ||     1
 Armour: Skin              |    11 |    54 |    69 |   259 |   424 |   591 ||  1408
  Dodge: Dodged            |    21 |    64 |    61 |   388 |   831 |   475 ||  1840
  Block: Buckler           |       |       |     3 |       |       |       ||     3
   Form: Flux              |       |       |     1 |       |     1 |       ||     2
         Storm             |       |       |       |       |     1 |       ||     1
         Serpent           |       |       |       |       |       |     1 ||     1

Table legend: (Time is in decaauts)
 A = Elapsed time spent in this place.
 B = Non-inter-level travel time spent in this place.
 C = Inter-level travel time spent in this place.
 D = Time resting spent in this place.
 E = Time spent auto-exploring this place.
 F = Levels seen in this place.
 G = Mean time per level.
                   A        B        C        D        E       F      G
               +--------+--------+--------+--------+--------+-----+--------+
         Total |  28919 |  26449 |   2470 |   2797 |  17203 |  32 |  903.7 |
       Dungeon |  13279 |  12354 |    925 |    524 |   9203 |  15 |  885.3 |
        Temple |    108 |      2 |    106 |      0 |      0 |   1 |  108.0 |
          Lair |   6698 |   6038 |    660 |    838 |   3730 |   5 | 1339.6 |
        Shoals |   3389 |   3284 |    105 |    649 |   1839 |   4 |  847.2 |
     Snake Pit |   2076 |   1836 |    240 |    404 |   1085 |   2 | 1038.0 |
  Orcish Mines |   1975 |   1542 |    433 |      0 |   1078 |   2 |  987.5 |
         Sewer |    234 |    234 |      0 |      0 |     84 |   1 |  234.0 |
      Ice Cave |    716 |    716 |      0 |    261 |    131 |   1 |  716.0 |
       Volcano |    439 |    439 |      0 |    120 |     53 |   1 |  439.0 |
               +--------+--------+--------+--------+--------+-----+--------+

Top non-repeatable levels by time:
 Snake:1: 1906 daAuts
    D:10: 1627 daAuts
  Lair:5: 1574 daAuts
  Lair:3: 1500 daAuts
  Lair:4: 1422 daAuts
Shoals:2: 1253 daAuts
  Lair:2: 1250 daAuts
   Orc:2: 1241 daAuts
    D:13: 1127 daAuts
    D:14: 1059 daAuts
     D:9: 990 daAuts
     D:7: 970 daAuts
    D:15: 967 daAuts
  Lair:1: 950 daAuts
     D:1: 830 daAuts
